Toronto Maple Leafs vs Boston Bruins
Created - Tuesday, August 29, 2023 at 08:01
Goals
|
| Toronto Maple Leafs |
0 |
2 |
0 |
0 |
1 |
3 |
| Boston Bruins |
0 |
0 |
2 |
0 |
0 |
2 |
|
Shots
|
| Toronto Maple Leafs |
16 |
8 |
10 |
0 |
3 |
34 |
| Boston Bruins |
9 |
8 |
13 |
2 |
3 |
32 |
|
1st period
No Goal
Penalties :
Anthony Beauvillier (BOS) for High sticking (Minor) at 12:52
2nd period
1. Toronto Maple Leafs , Brady Tkachuk 4 (Sam Bennett 3, Troy Terry 5) at 0:30 (PP)
2. Toronto Maple Leafs , Sam Bennett 1 (Brady Tkachuk 3, Troy Terry 6) at 16:34 (PP)
Penalties :
Ryan Donato (BOS) for Charging (Minor) at 0:15, Matt Grzelcyk (BOS) for Hooking (Minor) at 3:06, Kyle Okposo (TOR) for Tripping (Minor) at 7:19, Charlie McAvoy (BOS) for Tripping (Minor) at 16:26
3rd period
3. Boston Bruins , Joel Farabee 4 (Samuel Girard 3, Tyson Barrie 1) at 1:57
4. Boston Bruins , Nicholas Merkley 1 (Joe Veleno 3) at 16:04
Penalties :
Sean Durzi (BOS) for Hooking (Minor) at 1:14, Brady Tkachuk (TOR) for Slashing (Minor) at 1:20, Brady Tkachuk (TOR) for Interference (Minor) at 19:50
Overtime #1
No Goal
Penalties :
No Penalty
Shootout
Toronto Maple Leafs, Trevor Zegras - Goal!
Boston Bruins, Pavel Zacha - Stopped by Frederik Andersen
Toronto Maple Leafs, Dougie Hamilton - Stopped by Pyotr Kochetkov
Boston Bruins, Phil Kessel - Stopped by Frederik Andersen
Toronto Maple Leafs, Kyle Okposo - Stopped by Pyotr Kochetkov
Boston Bruins, Anthony Beauvillier - Stopped by Frederik Andersen
Penalties :
No Penalty
Goalie Stats
Frederik Andersen (TOR), 30 saves from 32 shots - (0.938), W, 3-3-1, 65:00 minutes
Pyotr Kochetkov (BOS), 32 saves from 34 shots - (0.941), OTL, 2-3-1, 65:00 minutes
Players Stats for Toronto Maple Leafs
Player Name G A P +/- PIM S H SB GA TA FO MP PP MP PK MP
------------------------------------------------------------------------------------
Aaron Ekblad 0 0 0 0 0 3 0 0 0 1 0/0 27:00 2:48 2:33
Andrew Mangiapane 0 0 0 0 0 0 3 0 2 0 0/0 12:17 0:00 0:05
Brady Tkachuk 1 1 2 0 4 4 1 1 1 0 1/1 20:22 2:31 0:49
Brandon Saad 0 0 0 0 0 2 1 0 0 0 0/1 17:59 1:55 0:09
Cody Ceci 0 0 0 0 0 3 1 3 0 2 0/0 27:04 1:39 1:24
Dougie Hamilton 0 0 0 -1 0 1 1 0 0 0 0/0 22:45 2:48 0:50
Jonas Siegenthaler 0 0 0 -1 0 1 0 2 0 1 0/0 13:22 0:00 1:09
Kyle Okposo 0 0 0 0 2 0 0 1 0 0 0/0 9:35 0:00 0:00
Mario Ferraro 0 0 0 -1 0 0 2 1 0 1 0/0 15:01 0:00 1:31
Nick Bjugstad 0 0 0 0 0 0 0 1 0 0 4/5 11:44 0:00 1:22
Nicolas Roy 0 0 0 0 0 1 2 1 0 1 3/6 14:38 0:00 1:11
Nino Niederreiter 0 0 0 0 0 1 1 0 0 0 1/1 12:52 0:00 1:05
Ryan Pulock 0 0 0 -1 0 2 1 2 0 1 0/0 24:48 1:39 0:41
Sam Bennett 1 1 2 0 0 3 3 0 0 0 13/23 18:25 2:32 0:00
Scott Laughton 0 0 0 -2 0 4 3 2 1 0 6/13 19:18 1:55 0:29
Trevor Zegras 0 0 0 -1 0 3 1 0 0 0 0/0 17:28 1:55 0:51
Troy Terry 0 2 2 -2 0 4 1 0 0 0 2/3 19:57 2:32 0:17
Warren Foegele 0 0 0 0 0 2 2 0 0 0 0/0 9:25 0:00 0:00
Players Stats for Boston Bruins
Player Name G A P +/- PIM S H SB GA TA FO MP PP MP PK MP
------------------------------------------------------------------------------------
Anthony Beauvillier 0 0 0 1 2 1 1 0 0 0 2/8 19:58 0:05 1:05
Austin Wagner 0 0 0 0 0 0 1 0 0 0 1/1 8:59 0:10 0:00
Charlie McAvoy 0 0 0 0 2 1 0 4 0 0 0/0 28:04 1:24 2:05
Dylan Gambrell 0 0 0 0 0 3 1 0 0 0 1/4 10:06 0:10 1:03
Joe Veleno 0 1 1 1 0 0 2 0 0 0 4/6 16:06 0:00 0:00
Joel Farabee 1 0 1 1 0 6 1 0 0 0 0/0 20:16 0:15 2:09
John-Jason Peterka 0 0 0 0 0 0 0 0 0 0 0/0 14:23 1:21 0:00
Joonas Donskoi 0 0 0 1 0 2 0 0 0 0 0/0 14:06 0:38 0:00
Mathieu Olivier 0 0 0 0 0 1 2 0 0 0 0/0 8:59 0:10 0:00
Matt Grzelcyk 0 0 0 2 2 0 0 0 0 1 0/0 14:24 0:05 0:00
Nicholas Merkley 1 0 1 1 0 5 1 0 0 0 0/0 15:07 1:11 0:00
Pavel Zacha 0 0 0 0 0 0 2 1 2 1 8/20 20:25 0:38 2:06
Phil Kessel 0 0 0 0 0 4 0 1 0 0 2/2 20:09 0:38 2:06
Ryan Donato 0 0 0 0 2 3 0 0 2 1 5/12 14:56 1:21 0:25
Samuel Girard 0 1 1 1 0 2 3 0 2 0 0/0 23:30 0:50 2:14
Sean Durzi 0 0 0 0 2 0 2 0 0 1 0/0 22:28 0:50 2:08
Tyson Barrie 0 1 1 0 0 3 3 0 1 0 0/0 28:04 1:24 2:13
Victor Mete 0 0 0 1 0 1 0 0 0 0 0/0 13:35 0:00 0:14
3 Stars
1 - Sam Bennett (TOR)
2 - Frederik Andersen (TOR)
3 - Pyotr Kochetkov (BOS)
Power Play
Toronto Maple Leafs - 2 on 5 Attempt(s) - 40.00%
Boston Bruins - 0 on 3 Attempt(s) - 0.00%
Penalty Kill
Toronto Maple Leafs - 3 on 3 Attempt(s) - 100.00%
- Score 0 goal in Penalty Kill
Boston Bruins - 3 on 5 Attempt(s) - 60.00%
- Score 0 goal in Penalty Kill
Team Stat
Toronto Maple Leafs - Hits : 23 - Faceoff Wins : 30 - Blocked Shots : 14 - Penalty Minutes : 6
Boston Bruins - Hits : 19 - Faceoff Wins : 23 - Blocked Shots : 6 - Penalty Minutes : 10
Official
Referees : Chris Rooney and Kelly Sutherland
Linesman : Scott Cherrey and Brian Mach
Game Notes
No Game Note
Finance
Level 1 -- Attendance: 4510 (75.17%) -- Ticket Income $451,000
Level 2 -- Attendance: 3733 (74.66%) -- Ticket Income $223,980
Level 3 -- Attendance: 2454 (81.80%) -- Ticket Income $85,890
Level 4 -- Attendance: 3779 (75.58%) -- Ticket Income $94,475
Luxury Box -- Attendance: 710 (71.00%) -- Ticket Income $142,000
Game was played at the TD Garden.
Total Attendance: 15186 (75.93%)
Total Ticket Income: $997,345
Other Income: $349,071
Total Income: $1,346,416
Toronto Maple Leafs
5 vs 5 Forward
Center Left Wing Right Wing Time % Phy DF OF
1 Sam Bennett Brady Tkachuk Brandon Saad 40 1 2 2
2 Scott Laughton Trevor Zegras Troy Terry 30 1 2 2
3 Nicolas Roy Andrew Mangiapane Nino Niederreiter 20 1 2 2
4 Nick Bjugstad Warren Foegele Kyle Okposo 10 1 2 2
5 vs 5 Defense
Defense Defense Time % Phy DF OF
1 Aaron Ekblad Cody Ceci 40 1 2 2
2 Dougie Hamilton Ryan Pulock 30 1 2 2
3 Mario Ferraro Jonas Siegenthaler 20 1 2 2
4 Dougie Hamilton Ryan Pulock 10 1 2 2
PowerPlay Forward
Center Left Wing Right Wing Time % Phy DF OF
1 Sam Bennett Brady Tkachuk Troy Terry 60 1 2 2
2 Scott Laughton Trevor Zegras Brandon Saad 40 1 2 2
PowerPlay Defense
Defense Defense Time % Phy DF OF
1 Aaron Ekblad Dougie Hamilton 60 1 2 2
2 Cody Ceci Ryan Pulock 40 1 2 2
Penalty Kill 4 Players Forward
Center Wing Time % Phy DF OF
1 Nick Bjugstad Nicolas Roy 60 1 2 2
2 Scott Laughton Kyle Okposo 40 1 2 2
Penalty Kill 4 Players Defense
Defense Defense Time % Phy DF OF
1 Aaron Ekblad Cody Ceci 60 1 2 2
2 Mario Ferraro Ryan Pulock 40 1 2 2
Penalty Kill - 3 Players Forward
Forward Time % Phy DF OF
1 Nick Bjugstad 60 1 2 2
2 Scott Laughton 40 1 2 2
Penalty Kill - 3 Players Defense
Defense Defense Time % Phy DF OF
1 Aaron Ekblad Cody Ceci 60 1 2 2
2 Mario Ferraro Ryan Pulock 40 1 2 2
4 vs 4 Forward
Center Wing Time % Phy DF OF
1 Scott Laughton Troy Terry 60 1 2 2
2 Nicolas Roy Trevor Zegras 40 1 2 2
4 vs 4 Defense
Defense Defense Time % Phy DF OF
1 Dougie Hamilton Ryan Pulock 60 1 2 2
2 Aaron Ekblad Cody Ceci 40 1 2 2
Last Minutes Offensive
Center Left Wing Right Wing Defense Defense
Sam Bennett Brady Tkachuk Troy Terry Aaron Ekblad Dougie Hamilton
Last Minutes Defensive
Center Left Wing Right Wing Defense Defense
Nick Bjugstad Scott Laughton Nicolas Roy Aaron Ekblad Cody Ceci
Goaltenders
Starting : Frederik Andersen
Backup : Cam Talbot
Extra Forwards
Normal : Andrew Mangiapane, Nicolas Roy, Nino Niederreiter - PP : Andrew Mangiapane, Nicolas Roy - PK : Nino Niederreiter
Extra Defensemen
Normal : Mario Ferraro, Jonas Siegenthaler, Dougie Hamilton - PP : Mario Ferraro - PK : Jonas Siegenthaler, Dougie Hamilton
Penalty Shots
Trevor Zegras, Dougie Hamilton, Kyle Okposo, Nick Bjugstad, Nicolas Roy
Boston Bruins
5 vs 5 Forward
Center Left Wing Right Wing Time % Phy DF OF
1 Pavel Zacha Anthony Beauvillier Phil Kessel 30 1 2 2
2 Ryan Donato Joel Farabee John-Jason Peterka 30 1 2 2
3 Joe Veleno Joonas Donskoi Nicholas Merkley 25 1 2 2
4 Dylan Gambrell Austin Wagner Mathieu Olivier 15 1 2 2
5 vs 5 Defense
Defense Defense Time % Phy DF OF
1 Charlie McAvoy Tyson Barrie 30 1 2 2
2 Sean Durzi Samuel Girard 30 1 2 2
3 Matt Grzelcyk Victor Mete 25 1 2 2
4 Charlie McAvoy Tyson Barrie 15 1 2 2
PowerPlay Forward
Center Left Wing Right Wing Time % Phy DF OF
1 Pavel Zacha Anthony Beauvillier Phil Kessel 50 1 2 2
2 Ryan Donato Joel Farabee John-Jason Peterka 50 1 2 2
PowerPlay Defense
Defense Defense Time % Phy DF OF
1 Charlie McAvoy Tyson Barrie 50 1 2 2
2 Sean Durzi Samuel Girard 50 1 2 2
Penalty Kill 4 Players Forward
Center Wing Time % Phy DF OF
1 Pavel Zacha Phil Kessel 50 1 2 2
2 Anthony Beauvillier Joel Farabee 50 1 2 2
Penalty Kill 4 Players Defense
Defense Defense Time % Phy DF OF
1 Charlie McAvoy Tyson Barrie 50 1 2 2
2 Sean Durzi Samuel Girard 50 1 2 2
Penalty Kill - 3 Players Forward
Forward Time % Phy DF OF
1 Pavel Zacha 50 1 2 2
2 Phil Kessel 50 1 2 2
Penalty Kill - 3 Players Defense
Defense Defense Time % Phy DF OF
1 Charlie McAvoy Tyson Barrie 50 1 2 2
2 Sean Durzi Samuel Girard 50 1 2 2
4 vs 4 Forward
Center Wing Time % Phy DF OF
1 Pavel Zacha Phil Kessel 50 1 2 2
2 Anthony Beauvillier Joel Farabee 50 1 2 2
4 vs 4 Defense
Defense Defense Time % Phy DF OF
1 Charlie McAvoy Tyson Barrie 50 1 2 2
2 Sean Durzi Samuel Girard 50 1 2 2
Last Minutes Offensive
Center Left Wing Right Wing Defense Defense
Pavel Zacha Anthony Beauvillier Phil Kessel Charlie McAvoy Tyson Barrie
Last Minutes Defensive
Center Left Wing Right Wing Defense Defense
Pavel Zacha Anthony Beauvillier Phil Kessel Charlie McAvoy Tyson Barrie
Goaltenders
Starting : Pyotr Kochetkov
Backup : Kyle Keyser
Extra Forwards
Normal : Joe Veleno, Nicholas Merkley, Dylan Gambrell - PP : Joe Veleno, Nicholas Merkley - PK : Dylan Gambrell
Extra Defensemen
Normal : Matt Grzelcyk, Victor Mete, Sean Durzi - PP : Matt Grzelcyk - PK : Victor Mete, Sean Durzi
Penalty Shots
Pavel Zacha, Phil Kessel, Anthony Beauvillier, Joel Farabee, Ryan Donato
% Time on Ice - Toronto Maple Leafs
Lines # - Real PCT - Wanted PCT - Time Play
Normal Forward
1 - 34% - 40% - 17:14
2 - 28% - 30% - 14:15
3 - 20% - 20% - 10:32
4 - 18% - 10% - 9:25
Normal Defense
1 - 38% - 40% - 19:39
2 - 31% - 30% - 15:52
3 - 23% - 20% - 11:46
4 - 8% - 10% - 4:09
PP Forward
1 - 57% - 60% - 2:32
2 - 43% - 40% - 1:55
PP Defense
1 - 63% - 60% - 2:48
2 - 37% - 40% - 1:39
PK Forward
1 - 100% - 60% - 2:14
2 - 0% - 40% - 0:00
PK Defense
1 - 58% - 60% - 1:18
2 - 42% - 40% - 0:56
PK3 Forward
1 - 74% - 60% - 1:21
2 - 26% - 40% - 0:29
PK3 Defense
1 - 64% - 60% - 1:10
2 - 36% - 40% - 0:40
44 Forward
1 - 83% - 60% - 4:10
2 - 17% - 40% - 0:53
44 Defense
1 - 47% - 60% - 2:23
2 - 53% - 40% - 2:40
Last Minute Offensive - 0:00
Last Minute Defensive - 0:00
Total
Forward - 65:00
Defense - 65:00
|
% Time on Ice - Boston Bruins
Lines # - Real PCT - Wanted PCT - Time Play
Normal Forward
1 - 27% - 30% - 14:06
2 - 29% - 30% - 14:59
3 - 27% - 25% - 13:39
4 - 17% - 15% - 8:42
Normal Defense
1 - 28% - 30% - 14:14
2 - 32% - 30% - 16:42
3 - 26% - 25% - 13:30
4 - 14% - 15% - 7:00
PP Forward
1 - 36% - 50% - 0:48
2 - 64% - 50% - 1:26
PP Defense
1 - 63% - 50% - 1:24
2 - 37% - 50% - 0:50
PK Forward
1 - 47% - 50% - 2:06
2 - 53% - 50% - 2:21
PK Defense
1 - 50% - 50% - 2:13
2 - 50% - 50% - 2:14
PK3 Forward
1 - 0% - 50%
2 - 0% - 50%
PK3 Defense
1 - 0% - 50%
2 - 0% - 50%
44 Forward
1 - 48% - 50% - 3:18
2 - 52% - 50% - 3:35
44 Defense
1 - 47% - 50% - 3:14
2 - 53% - 50% - 3:39
Last Minute Offensive - 0:00
Last Minute Defensive - 0:00
Total
Forward - 65:00
Defense - 65:00
|
Play-by-Play
1st period
0:01 of 1st period - Sam Bennett wins face-off versus Pavel Zacha in neutral zone.
0:06 of 1st period - Slapshot by Sam Bennett.
0:06 of 1st period - Stopped by Pyotr Kochetkov without a rebound.
0:07 of 1st period - Sam Bennett wins face-off versus Pavel Zacha in Boston Bruins zone.
0:08 of 1st period - Snap shot by Brady Tkachuk.
0:08 of 1st period - Deflect By Brandon Saad.
0:08 of 1st period - Stopped by Pyotr Kochetkov with a rebound.
0:36 of 1st period - Snap shot by Ryan Donato.
0:36 of 1st period - Stopped by Frederik Andersen with a rebound.
1:04 of 1st period - Slapshot by Tyson Barrie.
1:04 of 1st period - Shot Misses the Net.
1:06 of 1st period - Snap shot by Mathieu Olivier.
1:06 of 1st period - Stopped by Frederik Andersen with a rebound.
1:36 of 1st period - Dougie Hamilton is hit by Sean Durzi and loses puck.
3:18 of 1st period - Icing by John-Jason Peterka.
3:19 of 1st period - Ryan Donato wins face-off versus Scott Laughton in Boston Bruins zone.
3:23 of 1st period - Off-side.
3:24 of 1st period - Anthony Beauvillier wins face-off versus Troy Terry in neutral zone.
4:37 of 1st period - Kyle Okposo is hit by Tyson Barrie and loses puck.
5:00 of 1st period - Wrist shot by Pavel Zacha.
5:00 of 1st period - Shot Misses the Net.
5:19 of 1st period - Slapshot by Nicholas Merkley.
5:19 of 1st period - Stopped by Frederik Andersen with a rebound.
6:21 of 1st period - Pavel Zacha is hit by Warren Foegele and loses puck.
6:28 of 1st period - Warren Foegele is hit by Pavel Zacha and loses puck.
6:48 of 1st period - Tyson Barrie is hit by Warren Foegele and loses puck.
7:01 of 1st period - Wrist shot by Warren Foegele.
7:01 of 1st period - Stopped by Pyotr Kochetkov without a rebound.
7:02 of 1st period - Ryan Donato wins face-off versus Sam Bennett in Boston Bruins zone.
7:02 of 1st period - Ryan Donato is hit by Sam Bennett.
7:42 of 1st period - Wrist shot by Troy Terry.
7:42 of 1st period - Deflect By Scott Laughton.
7:42 of 1st period - Stopped by Pyotr Kochetkov with a rebound.
7:56 of 1st period - Slapshot by Nino Niederreiter.
7:56 of 1st period - Shot Misses the Net.
7:58 of 1st period - Slapshot by Cody Ceci.
7:58 of 1st period - Stopped by Pyotr Kochetkov with a rebound.
8:00 of 1st period - Wrist shot by Nino Niederreiter.
8:00 of 1st period - Shot Misses the Net.
8:02 of 1st period - Slapshot by Cody Ceci.
8:02 of 1st period - Shot Misses the Net.
8:39 of 1st period - Snap shot by Ryan Donato.
8:39 of 1st period - Stopped by Frederik Andersen without a rebound.
8:40 of 1st period - Nicolas Roy wins face-off versus Anthony Beauvillier in Toronto Maple Leafs zone.
9:07 of 1st period - Joel Farabee is hit by Ryan Pulock.
9:31 of 1st period - Wrist shot by Mathieu Olivier.
9:31 of 1st period - Shot Blocked by Scott Laughton.
9:33 of 1st period - Slapshot by Dylan Gambrell.
9:33 of 1st period - Stopped by Frederik Andersen with a rebound.
9:50 of 1st period - Aaron Ekblad is hit by Joe Veleno and loses puck.
10:05 of 1st period - Snap shot by Troy Terry.
10:05 of 1st period - Stopped by Pyotr Kochetkov with a rebound.
10:11 of 1st period - Sam Bennett is hit by Sean Durzi and loses puck.
10:26 of 1st period - Wrist shot by Joel Farabee.
10:26 of 1st period - Shot Blocked by Ryan Pulock.
10:28 of 1st period - Wrist shot by Ryan Donato.
10:28 of 1st period - Shot Misses the Net.
10:30 of 1st period - Slapshot by Matt Grzelcyk.
10:30 of 1st period - Shot Blocked by Ryan Pulock.
10:32 of 1st period - Slapshot by Victor Mete.
10:32 of 1st period - Stopped by Frederik Andersen without a rebound.
10:33 of 1st period - Nicolas Roy wins face-off versus Joe Veleno in Toronto Maple Leafs zone.
11:43 of 1st period - Snap shot by Scott Laughton.
11:43 of 1st period - Stopped by Pyotr Kochetkov without a rebound.
11:44 of 1st period - Scott Laughton wins face-off versus Ryan Donato in Boston Bruins zone.
11:47 of 1st period - Wrist shot by Trevor Zegras.
11:47 of 1st period - Stopped by Pyotr Kochetkov with a rebound.
11:49 of 1st period - Slapshot by Cody Ceci.
11:49 of 1st period - Deflect By Troy Terry.
11:49 of 1st period - Stopped by Pyotr Kochetkov with a rebound.
11:51 of 1st period - Slapshot by Cody Ceci.
11:51 of 1st period - Shot Blocked by Charlie McAvoy.
11:53 of 1st period - Slapshot by Troy Terry.
11:53 of 1st period - Shot Misses the Net.
11:55 of 1st period - Slapshot by Cody Ceci.
11:55 of 1st period - Stopped by Pyotr Kochetkov with a rebound.
11:57 of 1st period - Slapshot by Scott Laughton.
11:57 of 1st period - Shot Misses the Net.
11:59 of 1st period - Snap shot by Trevor Zegras.
11:59 of 1st period - Stopped by Pyotr Kochetkov with a rebound.
12:01 of 1st period - Wrist shot by Cody Ceci.
12:01 of 1st period - Shot Blocked by Charlie McAvoy.
12:03 of 1st period - Wrist shot by Aaron Ekblad.
12:03 of 1st period - Shot Misses the Net.
12:05 of 1st period - Wrist shot by Trevor Zegras.
12:05 of 1st period - Stopped by Pyotr Kochetkov with a rebound.
12:07 of 1st period - Wrist shot by Troy Terry.
12:07 of 1st period - Stopped by Pyotr Kochetkov without a rebound.
12:08 of 1st period - Joe Veleno wins face-off versus Sam Bennett in Boston Bruins zone.
12:08 of 1st period - Joe Veleno is hit by Brady Tkachuk.
12:52 of 1st period - Minor Penalty to Anthony Beauvillier for High sticking.
12:53 of 1st period - Brady Tkachuk wins face-off versus Pavel Zacha in Boston Bruins zone.
12:54 of 1st period - Wrist shot by Sam Bennett.
12:54 of 1st period - Shot Hit the Post.
13:25 of 1st period - Wrist shot by Scott Laughton.
13:25 of 1st period - Shot Misses the Net.
13:27 of 1st period - Snap shot by Scott Laughton.
13:27 of 1st period - Stopped by Pyotr Kochetkov without a rebound.
13:28 of 1st period - Scott Laughton wins face-off versus Dylan Gambrell in Boston Bruins zone.
13:31 of 1st period - Wrist shot by Scott Laughton.
13:31 of 1st period - Stopped by Pyotr Kochetkov without a rebound.
13:32 of 1st period - Sam Bennett wins face-off versus Dylan Gambrell in Boston Bruins zone.
13:39 of 1st period - Slapshot by Brady Tkachuk.
13:39 of 1st period - Shot Misses the Net.
14:52 of 1st period - Penalty to Anthony Beauvillier is over, Anthony Beauvillier is back on ice.
14:55 of 1st period - Backhand shot by Nicholas Merkley.
14:55 of 1st period - Stopped by Frederik Andersen with a rebound.
15:05 of 1st period - Wrist shot by Nino Niederreiter.
15:05 of 1st period - Shot Misses the Net.
15:07 of 1st period - Slapshot by Ryan Pulock.
15:07 of 1st period - Stopped by Pyotr Kochetkov with a rebound.
16:13 of 1st period - Kyle Okposo is hit by Joel Farabee and loses puck.
16:34 of 1st period - Slapshot by Troy Terry.
16:34 of 1st period - Shot Blocked by Pavel Zacha.
17:03 of 1st period - John-Jason Peterka is hit by Dougie Hamilton and loses puck.
17:20 of 1st period - Wrist shot by Scott Laughton.
17:20 of 1st period - Shot Hit the Post.
17:32 of 1st period - Slapshot by Phil Kessel.
17:32 of 1st period - Stopped by Frederik Andersen without a rebound.
17:33 of 1st period - Sam Bennett wins face-off versus Pavel Zacha in Toronto Maple Leafs zone.
18:38 of 1st period - Mario Ferraro is hit by Mathieu Olivier and loses puck.
18:43 of 1st period - Wrist shot by Dylan Gambrell.
18:43 of 1st period - Stopped by Frederik Andersen without a rebound.
18:44 of 1st period - Sam Bennett wins face-off versus Ryan Donato in Toronto Maple Leafs zone.
19:11 of 1st period - Pavel Zacha is hit by Scott Laughton and loses puck.
19:22 of 1st period - Wrist shot by Troy Terry.
19:22 of 1st period - Shot Blocked by Charlie McAvoy.
Goals for this period are 0 for Toronto Maple Leafs vs 0 for Boston Bruins.
Shots for this period are 16 for Toronto Maple Leafs vs 9 for Boston Bruins.
2nd period
0:01 of 2nd period - Sam Bennett wins face-off versus Ryan Donato in neutral zone.
0:15 of 2nd period - Minor Penalty to Ryan Donato for Charging.
0:16 of 2nd period - Pavel Zacha wins face-off versus Sam Bennett in Boston Bruins zone.
0:16 of 2nd period - Pavel Zacha is hit by Sam Bennett.
0:22 of 2nd period - Icing by Dougie Hamilton.
0:23 of 2nd period - Troy Terry wins face-off versus Anthony Beauvillier in Toronto Maple Leafs zone.
0:30 of 2nd period - Wrist shot by Brady Tkachuk.
0:30 of 2nd period - Goal by Brady Tkachuk - Toronto Maple Leafs : 1 - Boston Bruins : 0.
0:31 of 2nd period - Ryan Donato wins face-off versus Brandon Saad in neutral zone.
0:36 of 2nd period - Slapshot by Joel Farabee.
0:36 of 2nd period - Stopped by Frederik Andersen with a rebound.
0:38 of 2nd period - Wrist shot by Samuel Girard.
0:38 of 2nd period - Shot Blocked by Cody Ceci.
0:40 of 2nd period - Snap shot by Joel Farabee.
0:40 of 2nd period - Stopped by Frederik Andersen without a rebound.
0:41 of 2nd period - Sam Bennett wins face-off versus Ryan Donato in Toronto Maple Leafs zone.
0:46 of 2nd period - Snap shot by Brady Tkachuk.
0:46 of 2nd period - Stopped by Pyotr Kochetkov with a rebound.
1:48 of 2nd period - Wrist shot by Brady Tkachuk.
1:48 of 2nd period - Deflect By Brandon Saad.
1:48 of 2nd period - Stopped by Pyotr Kochetkov without a rebound.
1:49 of 2nd period - Phil Kessel wins face-off versus Scott Laughton in Boston Bruins zone.
1:54 of 2nd period - Snap shot by Phil Kessel.
1:54 of 2nd period - Stopped by Frederik Andersen with a rebound.
1:56 of 2nd period - Wrist shot by Anthony Beauvillier.
1:56 of 2nd period - Shot Misses the Net.
2:14 of 2nd period - Nicholas Merkley is hit by Andrew Mangiapane and loses puck.
2:41 of 2nd period - Wrist shot by Warren Foegele.
2:41 of 2nd period - Shot Blocked by Charlie McAvoy.
2:43 of 2nd period - Backhand shot by Dougie Hamilton.
2:43 of 2nd period - Shot Misses the Net.
2:45 of 2nd period - Snap shot by Ryan Pulock.
2:45 of 2nd period - Shot Misses the Net.
2:47 of 2nd period - Slapshot by Dougie Hamilton.
2:47 of 2nd period - Stopped by Pyotr Kochetkov without a rebound.
2:48 of 2nd period - Pavel Zacha wins face-off versus Scott Laughton in Boston Bruins zone.
3:06 of 2nd period - Minor Penalty to Matt Grzelcyk for Hooking.
3:07 of 2nd period - Sam Bennett wins face-off versus Pavel Zacha in Boston Bruins zone.
4:59 of 2nd period - Cody Ceci is hit by Samuel Girard and loses puck.
5:04 of 2nd period - Slapshot by Charlie McAvoy.
5:04 of 2nd period - Deflect By Ryan Donato.
5:04 of 2nd period - Shot Misses the Net.
5:04 of 2nd period - Puck is out of play.
5:05 of 2nd period - Sam Bennett wins face-off versus Anthony Beauvillier in Toronto Maple Leafs zone.
5:06 of 2nd period - Penalty to Matt Grzelcyk is over, Matt Grzelcyk is back on ice.
5:38 of 2nd period - Wrist shot by Joel Farabee.
5:38 of 2nd period - Stopped by Frederik Andersen with a rebound.
5:40 of 2nd period - Wrist shot by Anthony Beauvillier.
5:40 of 2nd period - Stopped by Frederik Andersen with a rebound.
5:54 of 2nd period - Wrist shot by Nick Bjugstad.
5:54 of 2nd period - Shot Misses the Net.
7:19 of 2nd period - Minor Penalty to Kyle Okposo for Tripping.
7:20 of 2nd period - Nino Niederreiter wins face-off versus Ryan Donato in Toronto Maple Leafs zone.
9:19 of 2nd period - Penalty to Kyle Okposo is over, Kyle Okposo is back on ice.
9:20 of 2nd period - Brandon Saad is hit by Mathieu Olivier and loses puck.
9:25 of 2nd period - Snap shot by Dylan Gambrell.
9:25 of 2nd period - Stopped by Frederik Andersen with a rebound.
10:08 of 2nd period - Nicolas Roy is hit by Samuel Girard and loses puck.
10:31 of 2nd period - Samuel Girard is hit by Andrew Mangiapane and loses puck.
11:20 of 2nd period - Victor Mete is hit by Andrew Mangiapane and loses puck.
12:44 of 2nd period - Joonas Donskoi is hit by Mario Ferraro and loses puck.
12:55 of 2nd period - Charlie McAvoy is hit by Nino Niederreiter and loses puck.
14:00 of 2nd period - Dougie Hamilton is hit by Pavel Zacha and loses puck.
14:32 of 2nd period - Dylan Gambrell is hit by Mario Ferraro and loses puck.
15:00 of 2nd period - Sean Durzi is hit by Sam Bennett and loses puck.
15:21 of 2nd period - Icing by Nicolas Roy.
15:22 of 2nd period - Dylan Gambrell wins face-off versus Nicolas Roy in Toronto Maple Leafs zone.
15:57 of 2nd period - Backhand shot by Sam Bennett.
15:57 of 2nd period - Shot Misses the Net.
15:59 of 2nd period - Wrist shot by Sam Bennett.
15:59 of 2nd period - Stopped by Pyotr Kochetkov with a rebound.
16:01 of 2nd period - Slapshot by Ryan Pulock.
16:01 of 2nd period - Stopped by Pyotr Kochetkov without a rebound.
16:02 of 2nd period - Joe Veleno wins face-off versus Sam Bennett in Boston Bruins zone.
16:26 of 2nd period - Minor Penalty to Charlie McAvoy for Tripping.
16:27 of 2nd period - Troy Terry wins face-off versus Pavel Zacha in Boston Bruins zone.
16:34 of 2nd period - Wrist shot by Sam Bennett.
16:34 of 2nd period - Goal by Sam Bennett - Toronto Maple Leafs : 2 - Boston Bruins : 0.
16:35 of 2nd period - Sam Bennett wins face-off versus Pavel Zacha in neutral zone.
17:00 of 2nd period - Joe Veleno is hit by Cody Ceci and loses puck.
17:41 of 2nd period - Brandon Saad is hit by Austin Wagner and loses puck.
18:10 of 2nd period - Slapshot by Warren Foegele.
18:10 of 2nd period - Stopped by Pyotr Kochetkov with a rebound.
18:30 of 2nd period - Pavel Zacha is hit by Trevor Zegras and loses puck.
19:24 of 2nd period - Wrist shot by Ryan Donato.
19:24 of 2nd period - Deflect By Joel Farabee.
19:24 of 2nd period - Stopped by Frederik Andersen with a rebound.
19:46 of 2nd period - Slapshot by Tyson Barrie.
19:46 of 2nd period - Shot Blocked by Kyle Okposo.
19:48 of 2nd period - Slapshot by Tyson Barrie.
19:48 of 2nd period - Shot Misses the Net.
19:50 of 2nd period - Snap shot by Joonas Donskoi.
19:50 of 2nd period - Stopped by Frederik Andersen with a rebound.
19:52 of 2nd period - Slapshot by Charlie McAvoy.
19:52 of 2nd period - Shot Blocked by Nick Bjugstad.
Goals for this period are 2 for Toronto Maple Leafs vs 0 for Boston Bruins.
Shots for this period are 8 for Toronto Maple Leafs vs 8 for Boston Bruins.
3rd period
0:01 of 3rd period - Pavel Zacha wins face-off versus Sam Bennett in neutral zone.
0:04 of 3rd period - Snap shot by Tyson Barrie.
0:04 of 3rd period - Shot Blocked by Brady Tkachuk.
0:47 of 3rd period - Slapshot by Tyson Barrie.
0:47 of 3rd period - Deflect By Nicolas Roy.
0:47 of 3rd period - Stopped by Frederik Andersen with a rebound.
0:49 of 3rd period - Snap shot by Nicholas Merkley.
0:49 of 3rd period - Stopped by Frederik Andersen with a rebound.
0:51 of 3rd period - Snap shot by Joonas Donskoi.
0:51 of 3rd period - Stopped by Frederik Andersen without a rebound.
0:52 of 3rd period - Sam Bennett wins face-off versus Joe Veleno in Toronto Maple Leafs zone.
1:14 of 3rd period - Minor Penalty to Sean Durzi for Hooking.
1:15 of 3rd period - Pavel Zacha wins face-off versus Sam Bennett in Boston Bruins zone.
1:20 of 3rd period - Minor Penalty to Brady Tkachuk for Slashing.
1:21 of 3rd period - Scott Laughton wins face-off versus Pavel Zacha in Toronto Maple Leafs zone.
1:31 of 3rd period - Snap shot by Pavel Zacha.
1:31 of 3rd period - Shot Misses the Net.
1:33 of 3rd period - Slapshot by Charlie McAvoy.
1:33 of 3rd period - Stopped by Frederik Andersen with a rebound.
1:35 of 3rd period - Slapshot by Tyson Barrie.
1:35 of 3rd period - Shot Misses the Net.
1:37 of 3rd period - Slapshot by Charlie McAvoy.
1:37 of 3rd period - Shot Blocked by Scott Laughton.
1:57 of 3rd period - Slapshot by Joel Farabee.
1:57 of 3rd period - Goal by Joel Farabee - Toronto Maple Leafs : 2 - Boston Bruins : 1.
1:58 of 3rd period - Scott Laughton wins face-off versus Anthony Beauvillier in neutral zone.
2:27 of 3rd period - Pavel Zacha is hit by Scott Laughton and loses puck.
3:12 of 3rd period - Slapshot by Aaron Ekblad.
3:12 of 3rd period - Deflect By Samuel Girard.
3:12 of 3rd period - Stopped by Pyotr Kochetkov with a rebound.
3:14 of 3rd period - Penalty to Sean Durzi is over, Sean Durzi is back on ice.
3:14 of 3rd period - Slapshot by Aaron Ekblad.
3:14 of 3rd period - Stopped by Pyotr Kochetkov with a rebound.
3:16 of 3rd period - Slapshot by Cody Ceci.
3:16 of 3rd period - Stopped by Pyotr Kochetkov with a rebound.
3:18 of 3rd period - Snap shot by Nino Niederreiter.
3:18 of 3rd period - Stopped by Pyotr Kochetkov without a rebound.
3:19 of 3rd period - Ryan Donato wins face-off versus Nick Bjugstad in Boston Bruins zone.
3:20 of 3rd period - Penalty to Brady Tkachuk is over, Brady Tkachuk is back on ice.
3:28 of 3rd period - Samuel Girard is hit by Nicolas Roy and loses puck.
4:11 of 3rd period - Wrist shot by Brady Tkachuk.
4:11 of 3rd period - Stopped by Pyotr Kochetkov without a rebound.
4:12 of 3rd period - Pavel Zacha wins face-off versus Scott Laughton in Boston Bruins zone.
4:17 of 3rd period - Backhand shot by Troy Terry.
4:17 of 3rd period - Shot Blocked by Phil Kessel.
4:19 of 3rd period - Slapshot by Aaron Ekblad.
4:19 of 3rd period - Stopped by Pyotr Kochetkov without a rebound.
4:20 of 3rd period - Scott Laughton wins face-off versus Anthony Beauvillier in Boston Bruins zone.
4:27 of 3rd period - Snap shot by Troy Terry.
4:27 of 3rd period - Shot Misses the Net.
4:29 of 3rd period - Wrist shot by Cody Ceci.
4:29 of 3rd period - Shot Misses the Net.
4:31 of 3rd period - Slapshot by Troy Terry.
4:31 of 3rd period - Deflect By Tyson Barrie.
4:31 of 3rd period - Shot Misses the Net.
4:31 of 3rd period - Puck is out of play.
4:32 of 3rd period - Sam Bennett wins face-off versus Pavel Zacha in Boston Bruins zone.
4:57 of 3rd period - Tyson Barrie is hit by Troy Terry and loses puck.
7:07 of 3rd period - Ryan Pulock is hit by Dylan Gambrell and loses puck.
7:50 of 3rd period - Wrist shot by John-Jason Peterka.
7:50 of 3rd period - Shot Blocked by Nicolas Roy.
7:52 of 3rd period - Wrist shot by Ryan Donato.
7:52 of 3rd period - Deflect By Nicolas Roy.
7:52 of 3rd period - Stopped by Frederik Andersen with a rebound.
7:56 of 3rd period - Wrist shot by Ryan Donato.
7:56 of 3rd period - Shot Blocked by Jonas Siegenthaler.
8:24 of 3rd period - Mathieu Olivier is hit by Scott Laughton and loses puck.
8:43 of 3rd period - Snap shot by Anthony Beauvillier.
8:43 of 3rd period - Shot Blocked by Cody Ceci.
8:45 of 3rd period - Snap shot by Phil Kessel.
8:45 of 3rd period - Stopped by Frederik Andersen without a rebound.
8:46 of 3rd period - Nicolas Roy wins face-off versus Ryan Donato in Toronto Maple Leafs zone.
9:50 of 3rd period - Ryan Pulock is hit by Tyson Barrie and loses puck.
10:30 of 3rd period - Slapshot by Troy Terry.
10:30 of 3rd period - Stopped by Pyotr Kochetkov without a rebound.
10:31 of 3rd period - Pavel Zacha wins face-off versus Sam Bennett in Boston Bruins zone.
10:38 of 3rd period - Slapshot by Brady Tkachuk.
10:38 of 3rd period - Shot Misses the Net.
10:40 of 3rd period - Wrist shot by Cody Ceci.
10:40 of 3rd period - Shot Misses the Net.
10:42 of 3rd period - Snap shot by Brady Tkachuk.
10:42 of 3rd period - Stopped by Pyotr Kochetkov without a rebound.
10:43 of 3rd period - Phil Kessel wins face-off versus Sam Bennett in Boston Bruins zone.
11:19 of 3rd period - Snap shot by Nicolas Roy.
11:19 of 3rd period - Stopped by Pyotr Kochetkov with a rebound.
11:36 of 3rd period - Wrist shot by Nicholas Merkley.
11:36 of 3rd period - Stopped by Frederik Andersen with a rebound.
11:38 of 3rd period - Snap shot by Tyson Barrie.
11:38 of 3rd period - Stopped by Frederik Andersen with a rebound.
11:40 of 3rd period - Snap shot by Joonas Donskoi.
11:40 of 3rd period - Shot Blocked by Jonas Siegenthaler.
11:47 of 3rd period - Icing by Warren Foegele.
11:48 of 3rd period - Sam Bennett wins face-off versus Dylan Gambrell in Toronto Maple Leafs zone.
11:58 of 3rd period - Snap shot by Brady Tkachuk.
11:58 of 3rd period - Shot Misses the Net.
12:00 of 3rd period - Slapshot by Jonas Siegenthaler.
12:00 of 3rd period - Stopped by Pyotr Kochetkov without a rebound.
12:01 of 3rd period - Pavel Zacha wins face-off versus Sam Bennett in Boston Bruins zone.
12:01 of 3rd period - Pavel Zacha is hit by Brandon Saad.
12:15 of 3rd period - Snap shot by Anthony Beauvillier.
12:15 of 3rd period - Deflect By Brady Tkachuk.
12:15 of 3rd period - Shot Blocked by Cody Ceci.
12:15 of 3rd period - Puck is out of play.
12:16 of 3rd period - Ryan Donato wins face-off versus Scott Laughton in Toronto Maple Leafs zone.
12:21 of 3rd period - Snap shot by Tyson Barrie.
12:21 of 3rd period - Stopped by Frederik Andersen with a rebound.
13:49 of 3rd period - Snap shot by Joel Farabee.
13:49 of 3rd period - Stopped by Frederik Andersen with a rebound.
14:04 of 3rd period - Off-side.
14:05 of 3rd period - Pavel Zacha wins face-off versus Sam Bennett in neutral zone.
14:10 of 3rd period - Snap shot by Phil Kessel.
14:10 of 3rd period - Stopped by Frederik Andersen with a rebound.
15:18 of 3rd period - Nicolas Roy is hit by Samuel Girard and loses puck.
16:00 of 3rd period - Icing by Jonas Siegenthaler.
16:01 of 3rd period - Joe Veleno wins face-off versus Scott Laughton in Toronto Maple Leafs zone.
16:04 of 3rd period - Slapshot by Nicholas Merkley.
16:04 of 3rd period - Goal by Nicholas Merkley - Toronto Maple Leafs : 2 - Boston Bruins : 2.
16:05 of 3rd period - Joe Veleno wins face-off versus Nicolas Roy in neutral zone.
16:27 of 3rd period - Icing by Nino Niederreiter.
16:28 of 3rd period - Austin Wagner wins face-off versus Nicolas Roy in Toronto Maple Leafs zone.
16:35 of 3rd period - Victor Mete is hit by Nicolas Roy and loses puck.
18:28 of 3rd period - Jonas Siegenthaler is hit by Anthony Beauvillier.
19:20 of 3rd period - Ryan Pulock is hit by Nicholas Merkley.
19:36 of 3rd period - Snap shot by Andrew Mangiapane.
19:36 of 3rd period - Shot Misses the Net.
19:50 of 3rd period - Minor Penalty to Brady Tkachuk for Interference.
19:51 of 3rd period - Nick Bjugstad wins face-off versus Ryan Donato in Toronto Maple Leafs zone.
Goals for this period are 0 for Toronto Maple Leafs vs 2 for Boston Bruins.
Shots for this period are 10 for Toronto Maple Leafs vs 13 for Boston Bruins.
Overtime #1
0:01 of 1st overtime period - Nick Bjugstad wins face-off versus Pavel Zacha in neutral zone.
0:05 of 1st overtime period - Off-side.
0:06 of 1st overtime period - Nick Bjugstad wins face-off versus Pavel Zacha in neutral zone.
0:32 of 1st overtime period - Snap shot by Pavel Zacha.
0:32 of 1st overtime period - Shot Misses the Net.
0:52 of 1st overtime period - Wrist shot by Phil Kessel.
0:52 of 1st overtime period - Shot Blocked by Mario Ferraro.
0:54 of 1st overtime period - Slapshot by Samuel Girard.
0:54 of 1st overtime period - Stopped by Frederik Andersen without a rebound.
0:55 of 1st overtime period - Nick Bjugstad wins face-off versus Anthony Beauvillier in Toronto Maple Leafs zone.
1:41 of 1st overtime period - Mario Ferraro is hit by Tyson Barrie and loses puck.
1:50 of 1st overtime period - Penalty to Brady Tkachuk is over, Brady Tkachuk is back on ice.
2:05 of 1st overtime period - Slapshot by Samuel Girard.
2:05 of 1st overtime period - Stopped by Frederik Andersen without a rebound.
2:06 of 1st overtime period - Anthony Beauvillier wins face-off versus Scott Laughton in Toronto Maple Leafs zone.
3:01 of 1st overtime period - Icing by Sean Durzi.
3:02 of 1st overtime period - Scott Laughton wins face-off versus Pavel Zacha in Boston Bruins zone.
4:58 of 1st overtime period - Troy Terry is hit by Joe Veleno.
Goals for this period are 0 for Toronto Maple Leafs vs 0 for Boston Bruins.
Shots for this period are 0 for Toronto Maple Leafs vs 2 for Boston Bruins.
ShootOut
5:00 of 1st overtime period - Round #1.
5:00 of 1st overtime period - Toronto Maple Leafs, Trevor Zegras.
5:00 of 1st overtime period - Wrist shot by Trevor Zegras.
5:00 of 1st overtime period - Goal by Trevor Zegras.
5:00 of 1st overtime period - Boston Bruins, Pavel Zacha.
5:00 of 1st overtime period - Deke by Pavel Zacha.
5:00 of 1st overtime period - Stopped by Frederik Andersen.
5:00 of 1st overtime period - Round #2.
5:00 of 1st overtime period - Toronto Maple Leafs, Dougie Hamilton.
5:00 of 1st overtime period - Snap shot by Dougie Hamilton.
5:00 of 1st overtime period - Stopped by Pyotr Kochetkov.
5:00 of 1st overtime period - Boston Bruins, Phil Kessel.
5:00 of 1st overtime period - Backhand shot by Phil Kessel.
5:00 of 1st overtime period - Stopped by Frederik Andersen.
5:00 of 1st overtime period - Round #3.
5:00 of 1st overtime period - Toronto Maple Leafs, Kyle Okposo.
5:00 of 1st overtime period - Deke by Kyle Okposo.
5:00 of 1st overtime period - Stopped by Pyotr Kochetkov.
5:00 of 1st overtime period - Boston Bruins, Anthony Beauvillier.
5:00 of 1st overtime period - Wrist shot by Anthony Beauvillier.
5:00 of 1st overtime period - Stopped by Frederik Andersen.
Back to the Top